Map: Lost and Found LE

Players

CaptAmerica

  • Race: Terran Terran
  • League: Master
  • Spawn Location: 7:00

llIllllIllll - Winner!

  • Race: Protoss Protoss
  • League: Master
  • Spawn Location: 1:00

VOD

Have the link to the VOD?

Description

Time

  • Played on: Aug. 12, 2018, 4:42 p.m.
  • Length: 23:41
Show
View Real Time Build Order
Export as new Build Order

CaptAmerica Terran 

Build Orders:  

Get SALT Encoding   

  12  0:02  SCV  
  13  0:14  SCV  
  13  0:19  Supply Depot  
  14  0:26  SCV  
  15  0:35  Refinery  
  15  0:40  SCV  
  16  0:45  Barracks  
  16  0:54  Supply Depot  
  16  0:58  SCV  
  17  1:11  Barracks  
  17  1:24  SCV  
  18  1:32  Marine  
  19  1:37  Bunker  
  19  1:41  Bunker  
  19  1:42  SCV  
  19  1:58  Marine  
  19  1:59  Marine  
  19  2:33  Engineering Bay  
  19  2:38  Supply Depot  
  19  2:46  Supply Depot  
  19  2:59  Marine x2  
  21  3:07  Factory  
  21  3:17  Marine x2  
  23  3:26  Orbital Command  
  23  3:35  Marine  
  24  3:54  Marine  
  25  3:59  Factory Tech Lab, Starport  
  25  4:03  SCV  
  25  4:06  Factory Reactor  
  26  4:25  Marine  
  26  4:26  Marine  
  26  4:27  SCV  
  29  4:31  Refinery  
  29  4:42  Marine, SCV  
  31  4:50  Factory Tech Lab  
  31  5:13  Viking x2, SCV  
  36  5:18  Supply Depot  
  36  5:26  SCV  
  36  5:38  SCV  
  36  5:39  Marine x2  
  39  5:47  Viking  
  39  5:48  Viking  
  43  5:57  Marine  
  43  5:58  Barracks Reactor  
  43  6:03  SCV  
  45  6:15  SCV  
  46  6:22  Supply Depot  
  46  6:27  SCV  
  47  6:40  Command Center  
  47  6:44  Siege Tank, SCV  
  50  7:00  Viking  
  50  7:01  Viking  
  52  7:02  Barracks Tech Lab  
  52  7:04  SCV  
  53  7:16  SCV  
  54  7:28  Stimpack, SCV  
  55  7:36  Supply Depot  
  55  7:38  Supply Depot  
  55  7:51  SCV  
  55  7:52  Viking  
  46  8:02  Viking  
  46  8:03  SCV  
  43  8:10  Orbital Command  
  40  8:16  SCV  
  40  8:18  Marine  
  42  8:22  Viking  
  44  8:28  SCV  
  45  8:36  SCV  
  45  8:40  SCV  
  47  8:44  Refinery  
  47  8:48  Siege Tank, SCV  
  47  8:51  Marine x2  
  47  8:52  SCV  
  54  9:00  SCV  
  55  9:03  Barracks  
  55  9:04  SCV  
  56  9:11  Bunker  
  56  9:12  SCV  
  57  9:17  Marauder  
  57  9:21  Siege Tank  
  57  9:24  Viking  
  64  9:30  SCV x2  
  66  9:42  SCV x2  
  68  9:47  Marine x2, Marauder  
  68  9:49  Medivac  
  74  9:53  Siege Tank, Barracks Tech Lab  
  74  9:54  SCV x2  
  79  10:08  Command Center  
  79  10:16  Marine, Marauder  
  79  10:17  Medivac  
  84  10:23  Bunker  
  84  10:25  SCV  
  84  10:27  SCV  
  86  10:28  Engineering Bay  
  86  10:34  Engineering Bay  
  86  11:04  Terran Infantry Weapons Level 1  
  86  11:07  Terran Infantry Armor Level 1  
  86  11:10  Armory  
  86  11:19  SCV x2, Marine x3, Medivac  
  86  11:20  Marauder  
  95  11:32  SCV x2  
  96  11:37  Marine x2  
  96  11:38  Orbital Command, Marauder  
  99  11:41  Marauder  
  101  12:02  Supply Depot  
  101  12:08  Supply Depot  
  101  12:09  Supply Depot  
  101  12:14  Missile Turret  
  101  12:22  Missile Turret  
  101  12:23  Marine x2  
  101  12:24  Marauder x2, SCV x2  
  101  12:28  SCV  
  104  12:41  Marine x2  
  104  12:45  Marauder x2  
  106  12:59  Marine x2  
  101  13:07  Marauder x2  
  103  13:17  Marine x2  
  103  13:25  Siege Tank  
  106  13:28  Marauder x2  
  110  13:35  Marine x2  
  112  13:42  Barracks  
  112  13:44  Barracks  
  112  13:45  Barracks  
  112  13:46  Orbital Command  
  112  13:49  Marauder x2  
  112  13:52  Marine x2  
  111  13:58  Widow Mine  
  104  14:03  SCV  
  105  14:10  Marine x2  
  105  14:11  Marauder x2  
  105  14:16  SCV  
  105  14:17  SCV x2  
  114  14:19  Widow Mine, Refinery  
  114  14:22  Refinery  
  116  14:28  Marine x2  
  116  14:29  SCV x2  
  120  14:32  Marine, Marauder x2  
  120  14:33  Barracks Tech Lab  
  125  14:40  Marine  
  124  14:46  Viking  
  124  14:48  Marine x2  
  125  14:59  Marauder  
  125  15:02  Marine  
  125  15:07  SCV  
  125  15:08  Marauder  
  125  15:10  Marine x2  
  125  15:12  Viking, Marine  
  125  15:16  Viking  
  125  15:20  Marine, Marauder  
  96  15:29  Marauder  
  84  15:41  Marauder  
  84  15:42  Viking  
  80  15:46  Viking  
  77  15:50  Marauder  
  77  16:03  Marauder  
  76  16:05  Starport  
  76  16:08  Starport  
  76  16:09  Starport  
  72  16:12  Viking, Marauder  
  72  16:13  Missile Turret x2  
  72  16:14  Missile Turret  
  72  16:15  Marauder  
  72  16:16  Missile Turret, Viking, Barracks Reactor  
  80  16:24  Marauder  
  68  16:42  Viking  
  68  16:50  Starport Reactor  
  68  16:51  Starport Reactor  
  68  16:52  Viking x3  
  68  16:53  Marine x2, Marauder  
  68  16:54  Marauder  
  80  17:03  Siege Tank  
  83  17:13  Orbital Command  
  83  17:26  Marine, Marauder  
  86  17:31  Barracks Reactor, SCV  
  86  17:35  Siege Tank  
  90  17:37  Barracks Reactor  
  90  17:40  Viking  
  90  17:43  SCV x2  
  94  17:55  SCV x2  
  94  18:02  Marauder x2  
  94  18:03  Marine, Marauder  
  94  18:04  Marine  
  102  18:07  SCV  
  102  18:27  Marine x2, Marauder x3  
  110  18:38  Supply Depot x2, Marine  
  110  18:39  SCV x2  
  111  18:44  Marine x2  
  111  18:46  Marine  
  111  18:47  Marine  
  111  18:48  Marauder x3  
  107  18:49  Terran Infantry Weapons Level 2  
  107  18:51  Terran Infantry Armor Level 2  
  107  18:53  SCV  
  108  18:56  Command Center  
  108  18:59  Viking  
  110  19:09  Marauder  
  112  19:10  Marine, Marauder  
  64  20:13  Marine x2, Marauder  
  64  20:14  Marine x4, Marauder x2  
  65  20:33  Marine  
  65  20:34  Marine x3  
  65  20:35  Siege Tank, Marauder x3  
  78  20:39  Viking x2  
  81  20:56  Marauder x2  
  87  20:57  Refinery, Marauder  
  87  21:00  Refinery  
  87  21:01  Refinery  
  87  21:09  Marine  
  88  21:13  Viking  
  88  21:18  Marauder x2  
  70  22:06  Marauder x3  
  57  22:27  Marauder  
  59  22:42  Orbital Command  
  55  23:02  Marine, Marauder x2  
  55  23:03  Marauder  
Show
View Real Time Build Order
Export as new Build Order

llIllllIllll Protoss - Winner!

Build Orders:  

Get SALT Encoding   

  12  0:01  Probe  
  13  0:13  Probe  
  14  0:18  Pylon  
  14  0:25  Probe  
  15  0:37  Probe  
  15  0:39  Forge  
  16  0:45  Probe  
  17  0:58  Pylon  
  17  1:05  Probe  
  18  1:17  Photon Cannon  
  18  1:20  Photon Cannon  
  18  1:26  Gateway  
  18  1:29  Probe  
  19  1:35  Assimilator  
  19  1:40  Assimilator  
  19  1:41  Probe  
  20  2:04  Pylon  
  20  2:06  Zealot  
  20  2:08  Pylon  
  21  2:28  Probe  
  21  2:30  Cybernetics Core  
  21  2:36  Probe  
  23  2:46  Probe  
  23  2:50  Nexus  
  24  2:57  Pylon  
  25  2:58  Probe  
  25  3:06  Adept  
  28  3:17  Stargate  
  27  3:34  Stargate  
  27  4:02  Probe  
  28  4:03  Void Ray  
  28  4:05  Assimilator  
  28  4:09  Assimilator  
  32  4:13  Pylon  
  32  4:14  Probe  
  33  4:28  Void Ray  
  33  4:29  Probe  
  38  4:41  Probe  
  38  4:44  Pylon  
  39  4:53  Probe  
  40  5:05  Void Ray, Probe  
  43  5:16  Probe  
  43  5:18  Probe  
  45  5:27  Void Ray  
  49  5:28  Probe  
  49  5:30  Probe  
  49  5:47  Void Ray  
  53  5:53  Robotics Facility  
  53  6:00  Pylon  
  53  6:04  Probe  
  53  6:08  Probe, Pylon  
  55  6:11  Void Ray  
  55  6:25  Void Ray  
  63  6:45  Robotics Bay  
  63  7:12  Robotics Facility  
  63  7:17  Pylon x2  
  63  7:19  Pylon  
  63  7:22  Colossus  
  63  7:32  Gateway  
  63  7:35  Gateway  
  69  7:39  Extended Thermal Lance  
  69  7:45  Probe  
  70  7:57  Probe  
  43  8:16  Colossus  
  53  8:20  Colossus  
  53  8:21  Stalker  
  53  8:25  Stalker  
  53  8:31  Gateway  
  59  8:35  Probe  
  60  8:51  Stalker, Twilight Council  
  60  8:55  Stalker  
  64  9:03  Gateway  
  64  9:06  Probe  
  65  9:13  Disruptor  
  65  9:16  Disruptor  
  71  9:18  Probe  
  71  9:20  Blink  
  71  9:21  Stalker  
  71  9:23  Stalker  
  76  9:25  Stalker  
  78  9:42  Oracle  
  81  9:52  Templar Archives  
  81  9:57  Stalker x2  
  85  10:01  Probe, Pylon  
  86  10:09  Disruptor  
  86  10:13  Stalker  
  91  10:18  Warp Gate  
  91  10:23  Probe  
  92  10:33  Psionic Storm  
  92  10:34  Pylon  
  92  10:36  Probe  
  92  10:37  High Templar  
  95  10:46  Pylon  
  95  10:48  Probe  
  96  10:50  High Templar  
  98  11:00  Probe  
  99  11:05  High Templar  
  99  11:08  Nexus  
  99  11:37  Fleet Beacon  
  99  11:39  High Templar  
  101  11:44  Assimilator  
  101  11:48  Assimilator  
  101  12:08  Gateway  
  101  12:10  Gateway  
  101  12:14  Gateway  
  101  12:23  Probe  
  98  12:39  Tempest x2, Pylon  
  98  12:40  Pylon  
  98  12:41  Stalker x4  
  111  13:32  Pylon  
  111  13:33  Tempest  
  117  13:34  Pylon  
  114  13:49  Tempest  
  119  14:02  Nexus  
  117  15:13  Tempest  
  63  15:45  Tempest  
  69  16:12  High Templar  
  69  16:13  High Templar  
  62  16:45  High Templar x3  
  67  16:47  Zealot x2  
  67  16:48  Cybernetics Core, Zealot x2  
  75  16:57  Probe  
  76  17:09  Probe, Pylon x2  
  76  17:11  Nexus, Probe  
  78  17:21  Probe  
  79  17:23  Probe  
  79  17:27  Stalker x4  
  88  17:33  Probe  
  88  17:35  Probe  
  88  17:36  Pylon  
  90  17:42  High Templar x2  
  94  17:45  Probe  
  94  17:47  Probe  
  95  17:57  Probe  
  96  18:04  High Templar  
  96  18:05  Stalker x4  
  106  18:13  Probe x2  
  106  18:25  Probe x2  
  108  18:37  Probe  
  105  18:48  Stalker x4  
  109  18:55  Nexus  
  109  19:02  Stalker  
  111  19:04  Stalker  
  85  20:18  Stalker x3  
  85  20:20  High Templar x3  
  97  20:46  Void Ray  
  97  20:47  Void Ray  
  105  20:52  Probe  
  105  20:56  Assimilator  
  106  21:00  Assimilator  
  106  21:08  Stalker x2  
  106  21:09  Zealot x5  
  120  21:22  Charge  
  99  21:55  Zealot x2, Stalker  
  99  21:56  Zealot x2  
  85  22:25  Tempest, High Templar  
  85  22:27  Zealot x4  
  85  22:28  Zealot x2  
  105  22:45  Nexus  
  79  23:37  Archon  
  79  23:38  Archon x3  
Tags
 
Add a new tag
Caveats
  • Supply blocks, unpowered buildings, or Contaminate may cause inaccurate times.
  • Supply counts are checked every 10 seconds.